AoeStats
← Asheqer

Arena

509886560Analyzed
1v1 RM · 2d ago on Sep 28, 2026· 42m 49s· 2 players
Game mode
Random Map
Map size
Tiny (2 player)
Population
200
Speed
Normal
Resources
Standard
Victory
Conquest
Starting age
Dark Age
Ending age
Imperial Age
RankedLock teamsTeams togetherTeam positionsShared explorationLock speedFull tech treeHidden civsTurbo modeCheats
Victory
Defeat
🇨🇿 Bohemians · Czechia
782
+15
🇬🇧 Bohemians · United Kingdom
770
-15
Asheqer
10:39 Feudal Age
13:26 Double-Bit Axe
13:58 Horse Collar
16:03 Scale Mail Armor
15:54 Fletching
18:47 Castle Age
19:43 Loom
20:34 Wheelbarrow
20:20 Bow Saw
26:59 Chemistry
27:47 Chain Mail Armor
29:44 Padded Archer Armor
31:15 Leather Archer Armor
34:41 Elite Skirmisher
41:42 Bodkin Arrow
42:30 Fortified Wall
v.jasny
2:56 Loom
10:09 Feudal Age
11:26 Wheelbarrow
10:42 Double-Bit Axe
11:28 Horse Collar
16:11 Town Watch
19:44 Castle Age
20:42 Hand Cart
22:00 Chemistry
21:18 Bow Saw
21:54 Heavy Plow
22:36 Town Patrol
31:35 Wagenburg Tactics
34:53 Masonry
34:55 Fortified Wall
39:50 Imperial Age
42:49 Two-Man Saw
Connection lost

Rejoining the realm…

Still unreachable

The connection could not be restored.

Session expired

The server has moved on; the page needs a fresh start.